 Dungeon Crawl Stone Soup version 0.27-a0-1456-gf5a116941d (webtiles) character file.

Game seed: 11820863429177647331

97 sagitran the Skirmisher (level 4, 0/41 HPs)
             Began as a Merfolk Wanderer on July 5, 2021.
             Slain by a gnoll (11 damage)
             ... on level 2 of the Dungeon.
             The game lasted 00:18:49 (3421 turns).

sagitran the Skirmisher (Merfolk Wanderer)          Turns: 3421, Time: 00:18:49

Health: 0/41       AC:  5    Str: 12    XL:     4   Next: 68%
Magic:  0/5        EV: 12    Int: 12    God:
Gold:   79         SH:  0    Dex: 13    Spells: 0/4 levels left

rFire    . . .     SeeInvis .   a - +0 dagger
rCold    . . .     Faith    .   (no shield)
rNeg     . . .     Spirit   .   b - +0 robe
rPois    .         Reflect  .   h - +0 helmet
rElec    .         Harm     .   (no cloak)
rCorr    .         Rampage  .   e - +0 pair of gloves
Will     .....                  g - +0 pair of boots
Stlth    ++........             (no amulet)
HPRegen  0.13/turn              (no ring)
MPRegen  0.09/turn              (no ring)

@: very slightly contaminated
A: (nimble swimmer 2), mertail
a: no special abilities


You were on level 2 of the Dungeon.
You visited 1 branch of the dungeon, and saw 3 of its levels.

You collected 79 gold pieces.

Inventory:

Hand Weapons
 a - a +0 dagger (weapon)
Armour
 b - a +0 robe (worn)
 e - a +0 pair of gloves (worn)
 g - a +0 pair of boots (worn)
 h - a +0 helmet (worn)
Wands
 c - a wand of paralysis (13) (quivered)
Scrolls
 d - a scroll of immolation


   Skills:
 + Level 6.3 Fighting
 + Level 1.8 Short Blades
 + Level 1.0 Axes
 + Level 1.0 Throwing
 + Level 2.4 Dodging
 + Level 1.8 Stealth
 + Level 0.7 Spellcasting
 + Level 0.8 Ice Magic
 + Level 1.0 Evocations


You couldn't memorise any spells.
You knew the following spells:

 Your Spells              Type           Power      Damage    Failure   Level
a - Freeze                Ice            8%         1d3       22%         1
b - Frozen Ramparts       Ice            4%         1d2       54%         3

Your spell library contained the following spells:

 Spells                   Type           Power      Damage    Failure   Level
 Apportation              Tloc           0%         N/A       30%         1
 Magic Dart               Conj           0%         1d3       30%         1
 Call Imp                 Summ           0%         N/A       43%         2
 Mephitic Cloud           Conj/Pois/Air  0%         N/A       67%         3
 Portal Projectile        Hex/Tloc       0%         N/A       67%         3


Dungeon Overview and Level Annotations

Branches:
Dungeon (3/15)

Altars:

Annotations:
D:2 exclusion: downstairs


Innate Abilities, Weirdness & Mutations

((You are quick and stealthy near water. (Stealth+, EV+, Speed+++)))
Your lower body shifts to a powerful aquatic tail in water.


Message History

Confirm with . or Enter, or press ? or * to list all spells.
The spell is quite dangerous to cast (54% risk of failure)!
Continue anyway?
Casting: Frozen Ramparts (quite dangerous; 54% risk of failure)
Press: ? - help, Dir - look around, f - activate You miscast Frozen Ramparts.
You are very lightly contaminated with residual magic.
Nothing appears to happen.
The gnoll barely misses you.
Casting: Frozen Ramparts (quite dangerous; 54% risk of failure)
Confirm with . or Enter, or press ? or * to list all spells.
You don't have enough magic to cast this spell.
Casting: Frozen Ramparts (quite dangerous; 54% risk of failure)
Confirm with . or Enter, or press ? or * to list all spells.
Aiming: Freeze (safe; 22% risk of failure)
Press: ? - help, Shift-Dir - straight line, f - gnoll
Aim: a gnoll, wielding a +0 flail (severely wounded)
You miscast Freeze.
Nothing appears to happen.
The gnoll hits you but does no damage.
You hit the gnoll but do no damage.
The gnoll is severely wounded.
The gnoll hits you with a +0 flail.
You closely miss the gnoll.
The gnoll is severely wounded.
The gnoll barely misses you.
You hit the gnoll.
The gnoll is almost dead.
The gnoll hits you with a +0 flail.
You closely miss the gnoll.
The gnoll is almost dead.
The gnoll hits you with a +0 flail!
* * * LOW HITPOINT WARNING * * *
You barely miss the gnoll.
The gnoll is almost dead.
The gnoll closely misses you.
You closely miss the gnoll.
The gnoll is almost dead.
The gnoll barely misses you.
You hit the gnoll but do no damage.
The gnoll is almost dead.
The gnoll hits you with a +0 flail!
You die...

#.### ##.#...#.####.#.......#.#
....# #.#.....#.##.....#..#.#.#
#.#.# ##.#...#......g..#..#.#.#
#.#.# ##.#.#<#<#....).>......#
..#.# ##.#.##........####.###
.##.## ###.#####.#.#### #.###
.....# #...# #.#.# #.##. .##..#
#...#####.#'## #.##. )....#
#.....@g.....## #.##) .###.#
##.######.....## #.##< .# #.#
##..# ##.......## #....
.###.#####...####.........####...
................'.........'.g....
.###.###........#.........####...
.....# #††......##.......## ##..
.##### #..(.....###.....## #.# .#
#........# ##...## #.#


You could see a gnoll.

Vanquished Creatures
  3 gnolls (D:2)
  An adder (D:2)
  A worm (D:2)
  A dart slug (D:1)
  7 endoplasms
  2 goblins
  5 hobgoblins
  7 jackals (D:1)
  5 kobolds
  2 quokkas
  4 ball pythons
  6 bats
  2 frilled lizards (D:2)
  5 rats
51 creatures vanquished.

Notes
Turn   | Place    | Note
-------+----------+-------------------------------------------
     0 | D:1      | sagitran the Merfolk Wanderer began the quest for the Orb.
     0 | D:1      | sagitran set off with the following items: a +0 dagger, a
                  | +0 robe, a wand of paralysis (15); and the following spells
                  | available to memorise: Apportation, Freeze, Frozen
                  | Ramparts, Portal Projectile
     0 | D:1      | Reached XP level 1. HP: 21/21 MP: 1/1
   170 | D:1      | Reached XP level 2. HP: 27/28 MP: 2/2
   173 | D:1      | Learned a level 1 spell: Freeze
   248 | D:1      | Reached skill level 6 in Fighting
   651 | D:1      | Reached XP level 3. HP: 33/34 MP: 0/3
   789 | D:1      | Found a faded altar of an unknown god.
  2462 | D:2      | Reached skill level 1 in Short Blades
  2789 | D:2      | Reached XP level 4. HP: 41/41 MP: 2/4
  2793 | D:2      | Learned a level 3 spell: Frozen Ramparts
  3421 | D:2      | Slain by a gnoll

Illustrated notes

Levels and vault maps discovered:
D:1:      dpeg_arrival_arbitrary_c, layout_basic, ebering_ecumenical_altar_hall
D:2:      layout_loops_corners, minmay_pentomino_w2
D:3:      layout_loops_corners

Skill      XL: |  1  2  3 |
---------------+----------+-----
Fighting       | 6 |  6.3
Dodging        | 2 |  2.4
Short Blades   | 1 |  1.8
Axes           | |  1.0
Throwing       | |  1.0
Stealth        | |  1.8
Spellcasting   | |  0.7
Ice Magic      | |  0.8
Evocations     | |  1.0

Action                   |  1- 3 |  4- 6 || total
-------------------------+-------+-------++-------
Melee: Dagger            |   212 |    44 ||   256
 Cast: Freeze            |    17 |     5 ||    22
Evoke: Wand              |       |     2 ||     2
  Use: Scroll            |     2 |       ||     2
       Potion            |     2 |       ||     2
 Stab: Sleeping          |     7 |       ||     7
       Paralysed         |       |     4 ||     4
Armor: Robe              |   105 |    14 ||   119
Dodge: Dodged            |   162 |    31 ||   193

Table legend: (Time is in decaauts)
 A = Elapsed time spent in this place.
 B = Non-inter-level travel time spent in this place.
 C = Inter-level travel time spent in this place.
 D = Time resting spent in this place.
 E = Time spent auto-exploring this place.
 F = Levels seen in this place.
 G = Mean time per level.
                   A        B        C        D        E       F      G
               +--------+--------+--------+--------+--------+-----+--------+
         Total |   3423 |   3321 |    102 |   1174 |    657 |   3 | 1141.0 |
       Dungeon |   3423 |   3321 |    102 |   1174 |    657 |   3 | 1141.0 |
               +--------+--------+--------+--------+--------+-----+--------+

Top non-repeatable levels by time:
     D:1: 1803 daAuts
     D:2: 1437 daAuts
     D:3: 182 daAuts
